 Dungeon Crawl Stone Soup version 0.31.0-9-g3a7656b989 (webtiles) character file.

Game seed: 11422971549058899297

69 qw the Shooter (level 4, -3/22 HPs)
             Began as a Spriggan Hunter on Feb 2, 2024.
             Killed from afar by Natasha (10 damage)
             ... with a magic dart
             ... on level 3 of the Dungeon.
             The game lasted 00:00:31 (1436 turns).

qw the Shooter (Spriggan Hunter)                    Turns: 1436, Time: 00:00:31

Health: -3/22      AC:  2    Str: 13    XL:     4   Next: 2%
Magic:  5/5        EV: 19    Int: 10    God:
Gold:   118        SH:  0    Dex: 20    Spells: 3/3 levels left

rFire   . . .        a - +0 shortbow
rCold   + . .        (shield currently unavailable)
rNeg    . . .        m - +0 robe {rC+}
rPois   .            (helmet restricted)
rElec   .            (no cloak)
rCorr   .            (gloves unavailable)
SInv    +            (boots unavailable)
Will    .....        (no amulet)
Stlth   ++           f - +6 ring of strength
HPRegen 0.23/turn    (no ring)
MPRegen 0.09/turn

%: no passive effects
@: very quick
A: very small, no large weapons, unfitting armour, see invisible, speed 3
a: no special abilities


You were on level 3 of the Dungeon.
You visited 1 branch of the dungeon, and saw 3 of its levels.

You collected 118 gold pieces.


Innate Abilities, Weirdness & Mutations

You are very small and have problems with some larger weapons.
You are too small for most types of armour.
You have supernaturally acute eyesight. (SInv)
You cover ground extremely quickly. (Speed+++)


   Skills:
 - Level 1.5 Fighting
 - Level 5.0 Ranged Weapons
 + Level 4.1 Dodging
 - Level 1.5 Stealth


You had 3 spell levels left.
You didn't know any spells.
Your spell library was empty.

Inventory:

Hand Weapons
 a - a +0 shortbow (weapon)
Armour
 m - a +0 robe of cold resistance (worn)
Jewellery
 f - a +6 ring of strength (left hand)
Scrolls
 d - a scroll of enchant armour
 j - a scroll of teleportation
Potions
 b - a potion of magic {unknown}
 h - 5 potions of curing
 i - a potion of mutation
 k - a potion of heal wounds

Dungeon Overview and Level Annotations

Branches:
Dungeon (3/15)

Altars:

Shops:
D:2 :

Annotations:
D:3 Natasha


Message History

You now have 110 gold pieces (gained 12).
You now have 118 gold pieces (gained 8).
h - 5 potions of curing (gained 2)
Found a stone staircase leading down.
b - a bubbling silvery potion
Enter note:
Enter note: Natasha, Servant of Life and Death comes into view.
You shoot an arrow.
The arrow hits Natasha but does no damage.
Natasha hisses angrily.
Natasha stares at you and mumbles some strange words.
The magic dart hits you!
1421 ||| FLEEEEING.
1422 ||| FLEEEEING.
1423 ||| FLEEEEING.
1424 ||| FLEEEEING.
You start resting.
Natasha casts a spell at you. The magic dart hits you!
1426 ||| FLEEEEING.
You start resting.
Natasha is nearby!
1428 ||| FLEEEEING.
1429 ||| FLEEEEING.
You start resting.
Natasha extends her claws.
Natasha is nearby!
You shoot an arrow. The arrow barely misses Natasha.
You shoot an arrow. The arrow hits Natasha!
Natasha is heavily wounded.
You shoot an arrow. The arrow hits Natasha!
Natasha is almost dead.
Natasha casts a spell at you. The magic dart hits you.
You shoot an arrow. The arrow closely misses Natasha.
Natasha casts a spell at you. The magic dart hits you!
You die...
Natasha curls up and begins to purr.

#.#....... #..........
#.#....... #>.........
#.#........ ### #......h...
#.#.[...... #.# #..........
#.#...## #. #.# #..........
....#..###.##.# #..........
......%.##..#.######........
........# #.....###.....####
........###.....@h......#
......................#.##
.........................##
########..................##
##.........##.......#
...#.................
###.#.....#.....#..###
#.#......##.#.#..#
#.#.......#.#....#


You could see Natasha.

Vanquished Creatures
  2 adders (D:2)
  A dart slug (D:1)
  5 ball pythons
  6 endoplasms
  2 giant cockroaches (D:2)
  8 goblins
  5 hobgoblins
  3 kobolds
  6 frilled lizards
  8 rats
46 creatures vanquished.

Notes
Turn   | Place    | Note
-------+----------+-------------------------------------------
     0 | D:1      | qw the Spriggan Hunter began the quest for the Orb.
     0 | D:1      | Reached XP level 1. HP: 10/10 MP: 2/2
     0 | D:1      | 0 ||| qw: Version: 0.3-a-155-g5e7d8dd
     0 | D:1      | 0 ||| qw: Game counter: 2866
     0 | D:1      | 0 ||| qw: Melee chars always use a shield: true
     0 | D:1      | 0 ||| qw: God list: Okawaru
     0 | D:1      | 0 ||| qw: Allow faded altars: false
     0 | D:1      | 0 ||| qw: Do Orc after clearing Dungeon:15 true
     0 | D:1      | 0 ||| qw: Do second Lair branch before Depths: true
     0 | D:1      | 0 ||| qw: Lair rune preference: random
     0 | D:1      | 0 ||| qw: Goals: Normal
     0 | D:1      | 0 ||| PLANNING D:1-11
    48 | D:1      | Reached skill level 3 in Dodging
   129 | D:1      | Reached XP level 2. HP: 11/14 MP: 3/3
   711 | D:1      | 711 ||| READING 2 scrolls labelled IWYCUO QIPSAPIYPS.
   711 | D:1      | 711 ||| ENCHANTING +0 shortbow.
   712 | D:1      | 712 ||| READING scroll labelled GAH IQAYSEIC.
   713 | D:1      | 713 ||| READING scroll labelled TAQISM VAYF.
   714 | D:1      | 714 ||| READING 4 scrolls labelled BAN BUGHIWUOGULA.
   714 | D:1      | 714 ||| IDENTIFYING viscous dark potion
   715 | D:1      | 715 ||| READING 3 scrolls of identify.
   715 | D:1      | 715 ||| IDENTIFYING 2 viscous amethyst potions
   716 | D:1      | 716 ||| READING 2 scrolls of identify.
   716 | D:1      | 716 ||| IDENTIFYING scroll labelled BUNOOK MARIANUHO
   717 | D:1      | 717 ||| DROPPING scroll of butterflies.
   757 | D:2      | Reached XP level 3. HP: 8/18 MP: 4/4
   759 | D:2      | HP: 4/18 [poisoned by an adder]
  1070 | D:2      | Reached skill level 5 in Ranged Weapons
  1151 | D:2      | Found Bataz's Book Boutique.
  1317 | D:2      | 1317 ||| UPGRADING to +0 robe of cold resistance.
  1327 | D:2      | 1327 ||| DROPPING +0 robe.
  1328 | D:2      | 1328 ||| DROPPING ring of wizardry.
  1329 | D:2      | 1329 ||| UPGRADING to +6 ring of strength.
  1330 | D:2      | 1330 ||| READING scroll of identify.
  1330 | D:2      | 1330 ||| IDENTIFYING black potion
  1331 | D:2      | 1331 ||| READING 2 scrolls labelled LURIUL ITHRIDU.
  1332 | D:2      | 1332 ||| READING scroll labelled LASMOEMAET.
  1333 | D:2      | 1333 ||| DRINKING 2 orange potions.
  1334 | D:2      | 1334 ||| DROPPING scroll of immolation.
  1335 | D:2      | 1335 ||| DROPPING potion of attraction.
  1356 | D:3      | Reached XP level 4. HP: 22/22 MP: 5/5
  1419 | D:3      | Noticed Natasha
  1421 | D:3      | 1421 ||| FLEEEEING.
  1422 | D:3      | 1422 ||| FLEEEEING.
  1423 | D:3      | 1423 ||| FLEEEEING.
  1424 | D:3      | 1424 ||| FLEEEEING.
  1426 | D:3      | 1426 ||| FLEEEEING.
  1428 | D:3      | 1428 ||| FLEEEEING.
  1429 | D:3      | 1429 ||| FLEEEEING.
  1436 | D:3      | Killed from afar by Natasha

Levels and vault maps discovered:
D:1:      ebering_trefoil_3fold, layout_loops_corners, minmay_tetromino_t4
D:2:      layout_rooms, serial_shops, nicolae_book_shop_shelving
D:3:      minmay_roachtagon, layout_rooms, minmay_misc_feat_rows, uniq_natasha

Skill      XL: |  1  2  3 |
---------------+----------+-----
Dodging        | 3 4 |  4.1
Ranged Weapons | 5 |  5.0
Fighting       | |  1.5
Stealth        | |  1.5

Action                     |  1- 3 |  4- 6 || total
---------------------------+-------+-------++-------
   Fire: Shortbow          |   124 |     7 ||   131
    Use: Scroll            |     9 |       ||     9
         Potion            |     1 |       ||     1
 Armour: Robe              |    11 |     4 ||    15
  Dodge: Dodged            |    25 |       ||    25

Table legend:
 A = Non-vault XP
 B = Vault XP
 C = Vault XP percentage of total XP
 D = Non-vault monster count
 E = Vault monster count
 F = Vault count percentage of total count
                 A         B        C        D         E       F
            +---------+---------+-------+---------+---------+-------
      Total |      97 |       2 |   2.0 |      45 |       1 |   2.2
            +---------+---------+-------+---------+---------+-------
        D:1 |      35 |       2 |   5.4 |      20 |       1 |   4.8
        D:2 |      58 |       0 |   0.0 |      22 |       0 |   0.0
        D:3 |       4 |       0 |   0.0 |       3 |       0 |   0.0
            +---------+---------+-------+---------+---------+-------
